 Dungeon Crawl Stone Soup version 0.30.1-11-g7821555f0a (webtiles) character file.

Game seed: 5694870634329416543

463 fireball365 the Chopper (level 7, -5/61 HPs)
             Began as a Hill Orc Fighter on Nov 25, 2023.
             Slain by Edmund
             ... wielding a +3 dire flail of protection
              (11 damage)
             ... on level 4 of the Dungeon.
             The game lasted 00:05:30 (2880 turns).

fireball365 the Chopper (Hill Orc Fighter)          Turns: 2880, Time: 00:05:31

Health: -5/61      AC:  8    Str: 21    XL:     7   Next: 7%
Magic:  7/7        EV: 10    Int:  8    God:
Gold:   78         SH: 10    Dex: 16    Spells: 6/6 levels left

rFire   + . .        a - +0 war axe
rCold   . . .        c - +0 buckler
rNeg    . . .        b - +0 scale mail
rPois   .            (no helmet)
rElec   .            (no cloak)
rCorr   .            (no gloves)
SInv    .            e - +0 pair of boots
Will    .....        t - amulet of reflection Stlth
                     f - ring of protection from fire
HPRegen 0.30/turn    q - +6 ring of dexterity
MPRegen 0.10/turn

%: reflection
@: no status effects
A: no striking features
a: no special abilities


You were on level 4 of the Dungeon.
You visited 1 branch of the dungeon, and saw 4 of its levels.

You collected 133 gold pieces.
You spent 55 gold pieces at shops.

Inventory:

Hand Weapons
 a - a +0 war axe (weapon)
Armour
 b - a +0 scale mail (worn)
 c - a +0 buckler (worn)
 e - a +0 pair of boots (worn)
Jewellery
 f - a ring of protection from fire (left hand)
 q - a +6 ring of dexterity (right hand)
 t - an amulet of reflection (around neck)
 u - a ring of magical power
Wands
 s - a wand of polymorph (8)
Scrolls
 g - a scroll of amnesia {unknown}
 h - a scroll of brand weapon {unknown}
 k - a scroll of vulnerability
 m - a scroll of fog {unknown}
 r - a scroll of acquirement {unknown}
Potions
 d - 2 potions of might
 l - a potion of haste {unknown}
 n - 2 potions of flight {unknown}
 o - a potion of degeneration {unknown}
 p - 2 potions of attraction {unknown}


   Skills:
 + Level 5.2 Fighting
 + Level 6.7 Axes
 + Level 4.6 Armour
 + Level 1.0 Dodging
 + Level 4.3 Shields
 + Level 0.2 Unarmed Combat


You had 6 spell levels left.
You didn't know any spells.
Your spell library contained the following spells:

 Spells                   Type           Power      Damage    Failure   Level
 Necrotise                Necr           0%         1d4       80%         1
 Ensorcelled Hibernation  Hex/Ice        0%         N/A       91%         2
 Passwall                 Tmut/Erth      0%         N/A       91%         2
 Swiftness                Air            0%         N/A       99%         3
 Vampiric Draining        Necr           0%         2d6       99%         3
 Agony                    Necr           0%         N/A       100%        5


Dungeon Overview and Level Annotations

Branches:
Dungeon (4/15)
 Temple: D:4-7

Altars:

Shops:
D:2 !

Annotations:
D:4 Edmund


Message History

Edmund closely misses you. You block Edmund's attack.
You barely miss Edmund.
Edmund is moderately wounded.
Edmund closely misses you.
You hit Edmund.
Edmund is moderately wounded.
Edmund hits you with a +3 dire flail of protection!
* * * LOW HITPOINT WARNING * * *
You feel much better. Edmund barely misses you.
You hit Edmund but do no damage.
Edmund is moderately wounded.
You block Edmund's attack.
You closely miss Edmund.
Edmund is moderately wounded.
Edmund hits you with a +3 dire flail of protection.
You hit Edmund.
Edmund is moderately wounded.
You block Edmund's attack.
Edmund hits you with a +3 dire flail of protection!
You slash Edmund!
Edmund is heavily wounded.
Edmund hits you with a +3 dire flail of protection!
* * * LOW HITPOINT WARNING * * *
You slash Edmund!
Edmund is severely wounded.
You block Edmund's attack.
You feel better.
Edmund hits you with a +3 dire flail of protection!
* * * LOW HITPOINT WARNING * * *
You hit Edmund.
Edmund is severely wounded.
Edmund hits you with a +3 dire flail of protection!
* * * LOW HITPOINT WARNING * * *
You feel better.
Edmund hits you with a +3 dire flail of protection.
* * * LOW HITPOINT WARNING * * *
You barely miss Edmund.
Edmund is severely wounded.
Edmund hits you with a +3 dire flail of protection!
You die...

## . ##.
#..## #.#..
#####...#
.....#.@#
#...@#######
##..>.......
###.#######
########
#..)....#
#.......
#######.#
#.###### #.#
#.# #.###.#
#.....#
#######


You could see Edmund.

Vanquished Creatures
  Grinder (D:3)
  A hound (D:3)
  Jessica (D:3)
  Ijyb (D:3)
  Terence (D:3)
  Robin (D:3)
  7 adders
  A worm (D:3)
  A dart slug (D:1)
  4 orcs (D:3)
  10 endoplasms
  4 giant cockroaches
  19 goblins
  8 hobgoblins
  3 jackals (D:1)
  6 kobolds
  A quokka (D:2)
  4 ball pythons
  6 bats
  2 frilled lizards
  3 rats (D:1)
85 creatures vanquished.

Notes
Turn   | Place    | Note
-------+----------+-------------------------------------------
     0 | D:1      | fireball365 the Hill Orc Fighter began the quest for the
                  | Orb.
     0 | D:1      | Reached XP level 1. HP: 19/19 MP: 1/1
    69 | D:1      | Reached XP level 2. HP: 23/27 MP: 2/2
   224 | D:1      | Reached skill level 3 in Axes
   325 | D:1      | Reached XP level 3. HP: 33/33 MP: 3/3
   925 | D:2      | Found Reithra's Distillery.
   947 | D:2      | Bought a potion of heal wounds for 55 gold pieces
  1138 | D:2      | Reached XP level 4. HP: 38/40 MP: 4/4
  1184 | D:2      | Reached skill level 4 in Axes
  1928 | D:3      | Reached XP level 5. HP: 21/47 MP: 5/5
  2053 | D:3      | Noticed Grinder
  2074 | D:3      | Paralysed by Grinder for 5 turns
  2079 | D:3      | Killed Grinder
  2080 | D:3      | Reached skill level 6 in Axes
  2080 | D:3      | Reached XP level 6. HP: 21/53 MP: 6/6
  2119 | D:3      | Noticed Terence
  2124 | D:3      | Killed Terence
  2228 | D:3      | Noticed Robin
  2239 | D:3      | Killed Robin
  2443 | D:3      | Noticed Ijyb
  2455 | D:3      | Killed Ijyb
  2456 | D:3      | Reached skill level 5 in Fighting
  2484 | D:3      | Reached skill level 1 in Dodging
  2630 | D:3      | Noticed Jessica
  2635 | D:3      | Killed Jessica
  2636 | D:3      | Reached XP level 7. HP: 59/61 MP: 7/7
  2848 | D:4      | Noticed Edmund
  2878 | D:4      | HP: 1/61 [Edmund/+3 dire flail of protection (11)]
  2880 | D:4      | Slain by Edmund

Illustrated notes

Levels and vault maps discovered:
D:1:      lemuel_arrival_funnel, layout_basic, minmay_tripent
D:2:      layout_loops_corners, serial_shops, shop
D:3:      layout_rooms, minmay_surrounded, uniq_terence, uniq_robin,
          uniq_jessica, uniq_ijyb, uniq_grinder
D:4:      minmay_chambers_of_twos, layout_basic, makhleb_blood_cavern_becter,
          nicolae_wooded_promenade, minmay_curled_crystal, uniq_edmund

Skill      XL: |  1  2  3  4  5  6 |
---------------+-------------------+-----
Fighting       | 4 5 |  5.2
Axes           | 3 4 6 |  6.7
Armour         | 4 |  4.6
Shields        | 4 |  4.3
Dodging        | 1 |  1.0
Unarmed Combat | |  0.2

Action                     |  1- 3 |  4- 6 |  7- 9 || total
---------------------------+-------+-------+-------++-------
  Melee: War axe           |    95 |   111 |    37 ||   243
         Unarmed           |       |     9 |       ||     9
    Use: Potion            |       |     1 |     4 ||     5
         Scroll            |       |     2 |       ||     2
 Armour: Scale mail        |    58 |   108 |     6 ||   172
         Skin              |       |     5 |       ||     5
  Dodge: Dodged            |    50 |    95 |    14 ||   159
  Block: Buckler           |    23 |    62 |    15 ||   100
         Reflection        |       |       |     1 ||     1
